 Seeded DCSS version 0.30-a0-956-gcec3b41aec (webtiles) character file.

Game seed: 3425090202442293766 (custom seed)

127 valliere the Conjurer (level 4, -1/25 HPs)
             Began as a Deep Elf Conjurer on Mar 29, 2023.
             Slain by Sigmund
             ... wielding a +0 scythe
              (6 damage)
             ... on level 3 of the Dungeon.
             The game lasted 00:07:03 (2907 turns).

valliere the Conjurer (Deep Elf Conjurer)           Turns: 2907, Time: 00:07:04

Health: -1/25      AC:  8    Str:  4    XL:     4   Next: 85%
Magic:  3/11       EV: 13    Int: 25    God:
Gold:   94         SH:  0    Dex: 13    Spells: 9/10 levels left

rFire   + + +      SeeInvis .    (no weapon)
rCold   . . .      Faith    .    (no shield)
rNeg    . . .      Spirit   .    a - +0 robe
rPois   +          Reflect  .    (no helmet)
rElec   +          Rampage  .    (no cloak)
rCorr   .                        r - +0 pair of gloves
Will    .....                    n - +0 pair of boots
Stlth   ++                       (no amulet)
HPRegen 0.24/turn                c - ring of Cetechidd {rElec rPois rF+++ AC+4 Slay-6}
MPRegen 0.12/turn                (no ring)

@: no status effects
A: no striking features
a: no special abilities


You were on level 3 of the Dungeon.
You visited 1 branch of the dungeon, and saw 3 of its levels.

You collected 182 gold pieces.
You spent 88 gold pieces at shops.

Inventory:

Missiles
 l - a throwing net
Armour
 a - a +0 robe (worn)
 n - a +0 pair of boots (worn)
 r - a +0 pair of gloves (worn)
Jewellery
 c - the ring of Cetechidd (left hand) {rElec rPois rF+++ AC+4 Slay-6}
   (You acquired it on level 1 of the Dungeon)

   [ring of protection]

   AC:        It affects your AC (+4).
   Slay:      It affects your accuracy & damage with ranged weapons and melee
   (-6).
   rF:        It renders you almost immune to fire.
   rElec:     It insulates you from electricity.
   rPois:     It protects you from poison.
 d - a ring of see invisible
 j - an amulet of guardian spirit
 q - an amulet of the acrobat
Scrolls
 e - 3 scrolls of noise {unknown}
 f - a scroll of blinking {unknown}
 g - 7 scrolls of identify
 h - a scroll of enchant armour {unknown}
 m - 3 scrolls of magic mapping {unknown}
 s - a scroll of fear {unknown}
 t - a scroll of silence {unknown}
 v - a scroll of immolation {unknown}
 w - a scroll of fog {unknown}
Potions
 b - a potion of magic
 i - a potion of degeneration {unknown}
 k - a potion of resistance {unknown}
 o - 2 potions of curing {unknown}
 p - a potion of brilliance {unknown}
 u - 2 potions of ambrosia {unknown}


   Skills:
 + Level 1.0 Fighting
 + Level 3.3 Dodging
 + Level 3.6 Stealth
 + Level 3.9 Spellcasting
 + Level 4.9 Conjurations
 + Level 1.7 Fire Magic


You had 9 spell levels left.
You knew the following spells:

 Your Spells              Type           Power      Damage    Failure   Level
a - Magic Dart            Conj           100%       1d8       1%          1

Your spell library contained the following spells:

 Spells                   Type           Power      Damage    Failure   Level
 Searing Ray              Conj           58%        2d6       1%          2
 Foxfire                  Conj/Fire      84%        2x1d5     2%          1
 Dazzling Flash           Conj/Hex       34%        N/A       10%         3
 Blink                    Tloc           8%         N/A       14%         2
 Fulminant Prism          Conj/Hex       8%         3d7       32%         4
 Iskenderun's Mystic Bla  Conj/Tloc      17%        2d5       32%         4
 Fireball                 Conj/Fire      10%        3d6       54%         5
 Manifold Assault         Tloc           4%         N/A       67%         4
 Starburst                Conj/Fire      10%        6d5       98%         6
 Storm Form               Tmut/Air       2%         N/A       100%        7


Dungeon Overview and Level Annotations

Branches:
Dungeon (3/15)

Altars:

Shops:
D:2 ?(

Annotations:
D:3 Sigmund


Message History

The magic dart hits Sigmund but does no damage.
Sigmund is moderately wounded.
The magic dart hits Sigmund.
Sigmund is moderately wounded.
The magic dart hits Sigmund.
Sigmund is moderately wounded.
The magic dart hits Sigmund.
Sigmund is heavily wounded.
Sigmund casts a spell at you. The magic dart hits you.
The magic dart hits Sigmund!
Sigmund is severely wounded.
The magic dart hits Sigmund.
Sigmund is almost dead.
Sigmund gestures wildly while chanting.
Sigmund flickers and vanishes!
Deactivating autopickup; reactivate with Ctrl-A.
You can't see any susceptible monsters within range! (Use Z to cast anyway.)
Casting: Magic Dart (safe; 1% risk of failure)
Confirm with . or Enter, or press ? or * to list all spells.
Aiming: Magic Dart (safe; 1% risk of failure)
Press: ? - help, Shift-Dir - straight line The magic dart hits something.
You hear some strange, mumbled words.
You are confused.
Unknown command.
You bump into the rock wall.
Something hits you.
A puff of flame appears from out of thin air!
The puff of flame hits you. You resist.
You feel less confused. Something hits you!
* * * LOW HITPOINT WARNING * * *
You aren't carrying any items that you can evoke.
Okay, then.
Casting: Magic Dart (safe; 1% risk of failure)
Confirm with . or Enter, or press ? or * to list all spells.
Aiming: Magic Dart (safe; 1% risk of failure)
Press: ? - help, Shift-Dir - straight line The magic dart hits something.
Something hits you.
You die...

### .# . ..# #.#
.. #.# #.# ...
#.# #.# . !. #.#
#.# .).#.#####.#
#.#
...........###.#
#...........#
#####....@..#
#.#####.# #.#
#.# #.# #.# #.#
#.# #.# #.# #.#
#.# #.# #.# #.#
#.#


There were no monsters in sight!

Vanquished Creatures
  4 adders (D:2)
  A worm (D:2)
  12 dart slugs
  2 orcs
  7 ball pythons
  7 bats
  4 endoplasms
  2 giant cockroaches
  4 goblins (D:2)
  4 hobgoblins
  2 kobolds
  A quokka (D:2)
  3 frilled lizards (D:1)
  13 rats
66 creatures vanquished.

Notes
Turn   | Place    | Note
-------+----------+-------------------------------------------
     0 | D:1      | valliere the Deep Elf Conjurer began the quest for the Orb.
     0 | D:1      | Reached XP level 1. HP: 10/10 MP: 6/6
     7 | D:1      | Identified a scroll of acquirement
     7 | D:1      | Acquired the ring of Cetechidd {rElec rPois rF+++ AC+4
                  | Slay-6}
   154 | D:1      | Acquired a book of Fire
   202 | D:1      | Reached XP level 2. HP: 15/15 MP: 5/8
   778 | D:1      | Found a faded altar of an unknown god.
   954 | D:2      | Reached XP level 3. HP: 19/19 MP: 4/9
  1017 | D:2      | Reached skill level 1 in Fire Magic
  1286 | D:2      | Found Nareh's Weapon Boutique.
  1449 | D:2      | Reached XP level 4. HP: 24/24 MP: 4/11
  1904 | D:2      | Found Lipoy's Magic Scroll Boutique.
  1924 | D:2      | Bought 2 scrolls of identify for 44 gold pieces
  1924 | D:2      | Bought a scroll of identify for 22 gold pieces
  1924 | D:2      | Bought a scroll of identify for 22 gold pieces
  2290 | D:3      | Reached skill level 1 in Fighting
  2888 | D:3      | Noticed Sigmund
  2907 | D:3      | Slain by Sigmund

Illustrated notes

Levels and vault maps discovered:
D:1:      minmay_arrival_loop, layout_basic, ebering_ecumenical_altar_webs,
          moated_statue, minmay_tetromino_s2
D:2:      minmay_angry_zag, layout_basic, serial_shops,
          nicolae_shop_behind_doors, nicolae_shop_bloodbath_and_beyond,
          minmay_cut_off
D:3:      kennysheep_slugbush, layout_basic, uniq_sigmund, uniq_terence

Skill      XL: |  1  2  3  4 |
---------------+-------------+-----
Stealth        | 3 |  3.6
Dodging        | 3 |  3.3
Fire Magic     | 1 |  1.7
Fighting       | 1 |  1.0
Spellcasting   | |  3.9
Conjurations   | |  4.9

Action                     |  1- 3 |  4- 6 || total
---------------------------+-------+-------++-------
   Cast: Magic Dart        |    78 |    69 ||   147
    Use: Scroll            |     2 |       ||     2
 Armour: Robe              |     1 |     5 ||     6
  Dodge: Dodged            |     2 |     6 ||     8

Table legend: (Time is in decaauts)
 A = Elapsed time spent in this place.
 B = Non-inter-level travel time spent in this place.
 C = Inter-level travel time spent in this place.
 D = Time resting spent in this place.
 E = Time spent auto-exploring this place.
 F = Levels seen in this place.
 G = Mean time per level.
                   A        B        C        D        E       F      G
               +--------+--------+--------+--------+--------+-----+--------+
         Total |   2911 |   2839 |     72 |     86 |   2449 |   3 |  970.3 |
       Dungeon |   2911 |   2839 |     72 |     86 |   2449 |   3 |  970.3 |
               +--------+--------+--------+--------+--------+-----+--------+

Top non-repeatable levels by time:
     D:2: 1388 daAuts
     D:1: 883 daAuts
     D:3: 640 daAuts
